 Dungeon Crawl Stone Soup version 0.27.1-3-gb3d3a73c9e (webtiles) character file.

Game seed: 8113127167852504671

373 UberPyro the Sneak (level 6, -3/48 HPs)
             Began as a Spriggan Berserker on Oct 22, 2021.
             Was a Believer of Trog.
             Slain by an ogre (32 damage)
             ... on level 4 of the Dungeon.
             The game lasted 00:08:38 (5285 turns).

UberPyro the Sneak (Spriggan Berserker)             Turns: 5285, Time: 00:08:38

Health: -3/48      AC:  2    Str: 15    XL:     6   Next: 43%
Magic:  7/7        EV: 18    Int:  8    God:    Trog [**....]
Gold:   184        SH:  0    Dex: 15    Spells: 5/5 levels left

rFire    . . .     SeeInvis +   a - +0 short sword
rCold    . . .     Faith    .   (shield restricted)
rNeg     + . .     Spirit   .   b - +0 animal skin
rPois    +         Reflect  .   (helmet restricted)
rElec    .         Harm     .   (no cloak)
rCorr    .         Rampage  .   (gloves unavailable)
Will     +....                  (boots unavailable)
Stlth    ..........             (no amulet)
HPRegen  0.16/turn              j - ring of positive energy
MPRegen  0.10/turn              n - ring of poison resistance

@: berserking, very quick
A: very small, no large weapons, unfitting armour, see invisible, speed 3
a: Renounce Religion, Berserk, Trog's Hand


You were on level 4 of the Dungeon.
You worshipped Trog.
Trog was pleased with you.
You visited 1 branch of the dungeon, and saw 5 of its levels.

You collected 184 gold pieces.

Inventory:

Hand Weapons
 a - a +0 short sword (weapon)
Armour
 b - a +0 animal skin (worn)
Jewellery
 j - a ring of positive energy (left hand)
 n - a ring of poison resistance (right hand)
Wands
 m - a wand of digging (1)
Scrolls
 d - a scroll of teleportation
 f - a scroll of magic mapping {unknown}
 h - a scroll of enchant weapon {unknown}
 i - a scroll of amnesia {unknown}
 k - 2 scrolls of noise {unknown}
 l - 3 scrolls of identify {unknown}
Potions
 c - 2 potions of curing {unknown}
 e - 3 potions of invisibility
 g - a potion of degeneration {unknown}
 o - 2 potions of cancellation {unknown}


   Skills:
 - Level 2.4 Fighting
 + Level 6.0 Short Blades
 + Level 4.3 Dodging
 + Level 7.0 Stealth


You had 5 spell levels left.
You didn't know any spells.
Your spell library contained the following spells:

 Spells                   Type           Power      Damage    Failure   Level
 Corpse Rot               Necr/Air       N/A        N/A       54%         2
 Poisonous Vapours        Pois/Air       0%         N/A       54%         2
 Freezing Cloud           Conj/Ice/Air   0%         6-21      100%        5


Dungeon Overview and Level Annotations

Branches:
Dungeon (5/15)
 Temple: D:4-7

Altars:
Gozag
Zin

Shops:
D:2 =


Innate Abilities, Weirdness & Mutations

You are very small and have problems with some larger weapons.
You are too small for most types of armour.
You have supernaturally acute eyesight. (SInv)
You cover ground extremely quickly. (Speed+++)


Message History

There is a stone staircase leading up here.
There is a shaft here.
There is a shaft here.
You see here a +0 falchion.
Things that are here:
3 stones; a +0 dagger Done exploring.
You see here a +0 falchion.
There is a stone staircase leading up here.
There is a shaft here.
A hound is nearby!
You catch the helpless hound completely off-guard!
You puncture the hound!
The hound is severely wounded.
The hound pauses to sniff the ground.
The hound bites you.
You closely miss the hound.
The hound is severely wounded.
The hound closely misses you. The hound bites you.
You hit the hound.
You kill the hound!
Trog accepts your kill.
Your Stealth skill increases to level 7!
There is a stone staircase leading down here.
You start resting.
HP restored.
You climb downwards.
There is a stone staircase leading up here.
The ogre hits you with a +0 giant club!
You climb upwards.
There is a stone staircase leading down here.
A red film seems to cover your vision as you go berserk!
You feel yourself moving faster!
You feel mighty!
You puncture the ogre!
The ogre is moderately wounded.
You barely miss the ogre.
The ogre is moderately wounded.
The ogre hits you with a +0 giant club!!
Ouch! That really hurt!
You die...

#.#.#.####.#...####.#######......
#.#.#.##............# #......
#.#.#.##............# #......
#.#.#.##............# #......
..#...##............### #.#....
##########.###........#####.#.###
.<.........# #........#........#
....##########........#........##
................@O.........>.....
....###################.........#
..................# #.......#..
..................#####.......#..
..................'..##.......##.
.......>..........##.###########.
....##.##########..#.# #########.
....##.# #..#.# #...##....
....##.# #..#(# #...##....


You could see an ogre.

Vanquished Creatures
  Grinder (D:3)
  A phantom (D:3)
  A hound (D:4)
  A jelly (D:4)
  An adder (D:4)
  A worm (D:2)
  7 ball pythons
  3 bats (D:1)
  3 endoplasms
  2 giant cockroaches
  4 goblins
  3 hobgoblins
  2 quokkas
  A frilled lizard (D:2)
  5 kobolds
  4 rats
40 creatures vanquished.

Notes
Turn   | Place    | Note
-------+----------+-------------------------------------------
     0 | D:1      | UberPyro the Spriggan Berserker began the quest for the
                  | Orb.
     0 | D:1      | Reached XP level 1. HP: 11/11 MP: 2/2
   176 | D:1      | Reached skill level 1 in Stealth
   561 | D:1      | Reached XP level 2. HP: 16/16 MP: 3/3
   570 | D:1      | Reached skill level 2 in Stealth
   733 | D:1      | Found a faded altar of an unknown god.
  1532 | D:2      | Found Etitus's Jewellery Shoppe.
  1753 | D:2      | Reached skill level 3 in Stealth
  1755 | D:2      | Reached XP level 3. HP: 13/19 MP: 4/4
  2109 | D:3      | Reached ** piety under Trog
  2299 | D:3      | Noticed a phantom
  2668 | D:3      | Noticed Grinder
  2693 | D:3      | Killed Grinder
  2694 | D:3      | Reached skill level 5 in Short Blades
  2694 | D:3      | Reached skill level 6 in Stealth
  2694 | D:3      | Reached XP level 4. HP: 10/23 MP: 5/5
  2694 | D:3      | Reached XP level 5. HP: 12/27 MP: 6/6
  2980 | D:3      | Found a glowing silver altar of Zin.
  3100 | D:3      | Killed a phantom
  3101 | D:3      | Reached XP level 6. HP: 26/32 MP: 7/7
  3594 | D:3      | Found an opulent altar of Gozag.
  4625 | D:5      | Entered Level 5 of the Dungeon
  5219 | D:4      | Reached skill level 7 in Stealth
  5285 | D:4      | Slain by an ogre

Illustrated notes

Levels and vault maps discovered:
D:1:      tarquinn_simple_flora_water_a, layout_loops_ring,
          hellmonk_ecumenical_altar_prayer_group
D:2:      layout_basic, serial_shops,
          nicolae_shop_temple_entry_statues_fountains
D:3:      layout_loops_corners, pdpol_temple_overflow_zin_treasury_gozag_greed,
          uniq_grinder, uniq_crazy_yiuf_cottage
D:4:      layout_basic
D:5:      layout_loops_ring, mainiacjoe_overflow_six_doors_small,
          minmay_temple_entry_wispy

Skill      XL: |  1  2  3  4  5  6 |
---------------+-------------------+-----
Stealth        | 1 3 6 7 |  7.0
Short Blades   | 4 5 6 |  6.0
Fighting       | |  2.4
Dodging        | |  4.3

Action                   |  1- 3 |  4- 6 || total
-------------------------+-------+-------++-------
Melee: Short sword       |   141 |    52 ||   193
Invok: Berserk           |     1 |     2 ||     3
       Trog's Hand       |     1 |       ||     1
  Use: Scroll            |     1 |       ||     1
 Stab: Sleeping          |     5 |     1 ||     6
       Distracted        |       |     2 ||     2
Armor: Animal skin       |    10 |     4 ||    14
Dodge: Dodged            |    84 |    27 ||   111
